 Dungeon Crawl Stone Soup version 0.28-a0-706-gf6f64a616a (webtiles) character file.

Game seed: 8317419685948533702

30 lawman0 the Grasshopper (level 3, -1/28 HPs)
             Began as a Palentonga Warper on Oct 24, 2021.
             Slain by a hobgoblin (4 damage)
             ... on level 1 of the Dungeon.
             The game lasted 00:01:33 (930 turns).

lawman0 the Grasshopper (Palentonga Warper)          Turns: 930, Time: 00:01:33

Health: -1/28      AC:  4    Str: 14    XL:     3   Next: 5%
Magic:  6/6        EV:  9    Int: 14    God:
Gold:   40         SH:  0    Dex:  9    Spells: 4/6 levels left

rFire   . . .      SeeInvis +   a - +0 mace
rCold   . . .      Faith    .   (no shield)
rNeg    . . .      Spirit   .   b - +0 leather armour
rPois   .          Reflect  .   (no helmet)
rElec   .          Harm     .   (no cloak)
rCorr   .          Rampage  .   (no gloves)
Will    .....                   (no barding)
Stlth   +.........              (no amulet)
HPRegen 0.09/turn               (no ring)
MPRegen 0.10/turn               (no ring)

@: no status effects
A: large, rugged brown scales 3, see invisible, deformed body, roll 1, armoured
tail
a: Rolling Charge


You were on level 1 of the Dungeon.
You visited 1 branch of the dungeon, and saw 1 of its levels.

You collected 40 gold pieces.

Inventory:

Hand Weapons
 a - a +0 mace (weapon)
Missiles
 d - 5 boomerangs of dispersal (quivered)
Armour
 b - a +0 leather armour (worn)
Scrolls
 c - a scroll of blinking
 e - 2 scrolls of magic mapping {unknown}
 g - 2 scrolls of identify {unknown}
Potions
 f - a potion of resistance {unknown}
 h - a potion of mutation {unknown}
 i - a potion of haste {unknown}


   Skills:
 + Level 2.0 Fighting
 * Level 2.2 Maces & Flails
 + Level 0.8 Throwing
 + Level 1.0 Armour
 + Level 1.7 Dodging
 + Level 2.2 Spellcasting
 * Level 3.6 Translocations


You had 4 spell levels left.
You knew the following spells:

 Your Spells              Type           Power      Damage    Failure   Level
a - Blink                 Tloc           22%        N/A       10%         2

Your spell library contained the following spells:

 Spells                   Type           Power      Damage    Failure   Level
 Gell's Gravitas          Tloc           5%         N/A       19%         3
 Lesser Beckoning         Tloc           11%        N/A       19%         3
 Teleport Other           Tloc           11%        N/A       19%         3
 Portal Projectile        Hex/Tloc       12%        N/A       38%         3
 Call Canine Familiar     Summ           1%         N/A       65%         3
 Leda's Liquefaction      Hex/Erth       0%         N/A       96%         4
 Manifold Assault         Tloc           11%        N/A       87%         5


Dungeon Overview and Level Annotations

Branches:
Dungeon (1/15)

Altars:


Innate Abilities, Weirdness & Mutations

You are completely covered in rugged brown scales. (AC +3, +7% HP)
You have supernaturally acute eyesight. (SInv)
Armour fits poorly on your strangely shaped body.
You can roll at nearby foes to attack.
You have a long armoured tail.


Message History

Your experience leads to an increase in your attributes!
Increase (S)trength, (I)ntelligence, or (D)exterity?
You feel clever.
Roll where?
Press: ? - help, Dir - move target, f - endoplasm
Aim: an endoplasm You roll forward with a clatter of scales!
You hit the endoplasm.
The endoplasm is severely wounded.
You hear a shout!
The rat barely misses you. The hobgoblin closely misses you.
The endoplasm completely misses you.
The hobgoblin hits you from afar with a +0 spear.
The rat bites you but does no damage. The endoplasm hits you.
You hit the endoplasm.
You kill the endoplasm!
The rat bites you.
The hobgoblin hits you from afar with a +0 spear.
You hit the rat.
You kill the rat!
The hobgoblin barely misses you. The hobgoblin barely misses you.
Unknown command.
You hit the hobgoblin but do no damage. The hobgoblin hits you with a +0 spear.
A hobgoblin comes into view.
You closely miss the hobgoblin.
The hobgoblin hits you with a +0 spear. x2
You are too injured to fight recklessly!
You hit the hobgoblin.
The hobgoblin is lightly wounded.
The hobgoblin hits you with a +0 spear.
* * * LOW HITPOINT WARNING * * *
The hobgoblin hits you but does no damage.
You are too injured to fight recklessly!
You barely miss the hobgoblin.
The hobgoblin is lightly wounded.
The hobgoblin hits you with a +0 spear.
* * * LOW HITPOINT WARNING * * *
The hobgoblin closely misses you.
The hobgoblin hits you from afar with a +0 spear.
You die...

......#.##########.##
.###..#.#########...##
.###.................##
...........####.......##
.......)##.##...#......#
####.#####.##.#........#
####.#####.##. #g....#
#............. #†.g..#
#.######......##@#.#.#
#.# #.........### # #.##
#......##.### # .#.##
#...........#.# ###.#
######..###.#.# .#.##
#...# ... ..##
#...###.#.# ..#
#.......#.# ..#
#####.........#


You could see 2 hobgoblins.

Vanquished Creatures
  A dart slug (D:1)
  5 ball pythons (D:1)
  2 bats (D:1)
  2 endoplasms (D:1)
  A giant cockroach (D:1)
  2 goblins (D:1)
  6 hobgoblins (D:1)
  A quokka (D:1)
  A frilled lizard (D:1)
  A kobold (D:1)
  2 rats (D:1)
24 creatures vanquished.

Notes
Turn   | Place    | Note
-------+----------+-------------------------------------------
     0 | D:1      | lawman0 the Palentonga Warper began the quest for the Orb.
     0 | D:1      | Reached XP level 1. HP: 17/17 MP: 3/3
   217 | D:1      | Reached XP level 2. HP: 23/23 MP: 5/5
   220 | D:1      | Learned a level 2 spell: Blink
   639 | D:1      | Reached skill level 1 in Armour
   922 | D:1      | Reached XP level 3. HP: 27/28 MP: 6/6
   930 | D:1      | Slain by a hobgoblin

Illustrated notes

Levels and vault maps discovered:
D:1:      eino_arrival_tree_alley, layout_loops_ring

Skill      XL: |  1  2 |
---------------+-------+-----
Armour         | 1 |  1.0
Fighting       | |  2.0
Maces & Flails | |  2.2
Throwing       | |  0.8
Dodging        | |  1.7
Spellcasting   | |  2.2
Translocations | |  3.6

Action                   || total
-------------------------++-------
Melee: Mace              ||    67
       Tailslap          ||     7
 Cast: Blink             ||     1
 Abil: Rolling Charge    ||    13
Armor: Leather armour    ||    18
Dodge: Dodged            ||    26

Table legend: (Time is in decaauts)
 A = Elapsed time spent in this place.
 B = Non-inter-level travel time spent in this place.
 C = Inter-level travel time spent in this place.
 D = Time resting spent in this place.
 E = Time spent auto-exploring this place.
 F = Levels seen in this place.
 G = Mean time per level.
                   A        B        C        D        E       F      G
               +--------+--------+--------+--------+--------+-----+--------+
         Total |    949 |    949 |      0 |     14 |    781 |   1 |  949.0 |
       Dungeon |    949 |    949 |      0 |     14 |    781 |   1 |  949.0 |
               +--------+--------+--------+--------+--------+-----+--------+

Top non-repeatable levels by time:
     D:1: 949 daAuts
